 Dungeon Crawl Stone Soup version 0.17-a0-226-ge260c71 (webtiles) character file.

150 Kisielow the Conjurer (level 5, -4/28 HPs)
             Began as a Deep Elf Conjurer on Mar 28, 2015.
             Slain by a centaur (6 damage)
             ... on level 3 of the Dungeon.
             The game lasted 00:09:26 (2297 turns).

Kisielow the Conjurer (Deep Elf Conjurer)           Turns: 2297, Time: 00:09:27

Health: -4/28      AC:  3    Str:  6    XL:     5   Next: 10%
Magic:  8/16       EV: 18    Int: 20    God:
Gold:   160        SH:  0    Dex: 20    Spells: 3 memorised, 2 levels left

rFire  + . .     SeeInvis .     h - +3 whip (flame)
rCold  x . .     Clarity  .     a - +1 robe
rNeg   . . .     SustAb   .     (no shield)
rPois  .         Gourm    .     (no helmet)
rElec  .         Spirit   .     (no cloak)
rCorr  .         Warding  .     (no gloves)
rMut   .         Stasis   .     (no boots)
MR     .....                    (no amulet)
Stlth  +++.......               (no ring)
                                o - ring of fire

@: agile, not resistant to hostile enchantments, fairly stealthy
A: no striking features
a: no special abilities


You were on level 3 of the Dungeon.
You were not hungry.

You visited 1 branch of the dungeon, and saw 3 of its levels.

You collected 160 gold pieces.

Inventory:

Hand weapons
 h - a +3 whip of flaming (weapon)
Armour
 a - a +1 robe (worn)
Jewellery
 o - a ring of fire (left hand)
Scrolls
 i - a scroll of remove curse
 m - a scroll of enchant armour
Potions
 e - a potion of agility
 f - a potion of curing {unknown}
 p - a potion of lignification {unknown}
Books
 c - a book of Conjurations

   Spells                             Type                      Level
   a - Magic Dart                     Conjuration                  1
   b - Searing Ray                    Conjuration                  2
   c - Dazzling Spray                 Conjuration/Hexes            3
   d - Fulminant Prism                Conjuration/Hexes            4
   e - Iskenderun's Mystic Blast      Conjuration                  4
   f - Iskenderun's Battlesphere      Conjuration/Charms           5
Comestibles
 b - 2 bread rations
 d - 4 chunks of flesh
 n - a slice of pizza


   Skills:
 - Level 2.4 Dodging
 - Level 2.4 Stealth
 - Level 3.0 Spellcasting
 - Level 7.0 Conjurations
 * Level 0.8 Charms


You had 2 spell levels left.
You knew the following spells:

 Your Spells              Type           Power        Failure   Level  Hunger
a - Magic Dart            Conj           ####         1%          1    None
b - Searing Ray           Conj           ####..       1%          2    ##.....
c - Iskenderun's Battles  Conj/Chrm      ###.....     82%         5    ######.


Dungeon Overview and Level Annotations

Branches:
Dungeon (3/15)

Altars:
Kikubaaqudgha
Zin


Message History

* * * LOW HITPOINT WARNING * * *
Casting: Searing Ray
Confirm with . or Enter, or press ? or * to list all spells.
Aiming: Searing Ray
Press: ? - help, Shift-Dir - straight line, f/p - centaur
Aim: a centaur, wielding a shortbow (heavily wounded)
The searing ray hits the centaur.
The centaur is severely wounded.
The centaur shoots an arrow.
The arrow barely misses you.
The searing ray hits the centaur.
The centaur is almost dead.
The centaur shoots an arrow.
The arrow hits you.
* * * LOW HITPOINT WARNING * * *
Drink which item? (? for menu, Esc to quit)
It was a potion of agility.
You feel agile all of a sudden.
The centaur unwields an uncursed shortbow.
The centaur misses you. The centaur hits you.
You die...

*,,,* ##...........)...#
*****
#..........######****
#....(....##≈≈≈≈≈≈≈≈**
#......####≈≈..,,,,≈≈*
#..(...###≈≈....,,,,≈≈
#....[.##≈≈......,,,,≈
*####..>..##≈≈........,,,,
*..).....(#≈≈....≈≈≈≈≈≈,,,
*........@#≈....≈......≈,,
*.......#c#≈....≈......≈.,
*,......#()(....≈...)..≈.,
*,......#('.....≈......≈.,
*,......###(÷...≈.....)≈..
*,,....,* #≈....§(.....≈..
*****#*** #(≈...§≈≈≈≈≈≈...
##≈(.(..§§.....,
##≈≈..........≈


You could see a centaur.

Vanquished Creatures
  3 gnolls (D:2)
  4 adders
  2 worms
  2 oozes (D:3)
  2 orcs (D:3)
  3 giant cockroaches
  8 goblins
  8 hobgoblins
  6 jackals
  10 kobolds
  4 bats
  4 giant newts
  A quokka (D:2)
  14 rats
71 creatures vanquished.

Notes
Turn   | Place    | Note
--------------------------------------------------------------
     0 | D:1      | Kisielow, the Deep Elf Conjurer, began the quest for the Orb.
     0 | D:1      | Reached XP level 1. HP: 10/10 MP: 5/5
   208 | D:1      | Reached XP level 2. HP: 15/15 MP: 1/8
   215 | D:1      | Learned a level 2 spell: Searing Ray
   250 | D:1      | Reached skill level 5 in Conjurations
   730 | D:2      | Reached XP level 3. HP: 8/19 MP: 1/10
  1040 | D:2      | Reached skill level 6 in Conjurations
  1110 | D:2      | Reached XP level 4. HP: 24/24 MP: 11/13
  1576 | D:3      | Found an ancient bone altar of Kikubaaqudgha.
  1661 | D:3      | Found a glowing silver altar of Zin.
  2062 | D:3      | Reached skill level 7 in Conjurations
  2062 | D:3      | Reached XP level 5. HP: 28/28 MP: 8/16
  2069 | D:3      | Learned a level 5 spell: Iskenderun's Battlesphere
  2267 | D:3      | Noticed a centaur
  2297 | D:3      | Slain by a centaur

Action                   |  1- 3 |  4- 6 || total
-------------------------+-------+-------++-------
 Cast: Magic Dart        |    59 |    74 ||   133
       Searing Ray       |     2 |     4 ||     6
  Use: Scroll            |       |     5 ||     5
       Potion            |       |     3 ||     3
  Eat: Chunk             |     1 |     3 ||     4
